 Dungeon Crawl Stone Soup version 0.21-a0-584-g185da8e (console) character file.

676 Mandevil the Ruffian (level 7, -11/58 HPs)
             Began as a Grey Draconian Transmuter on Dec 21, 2017.
             Mangled by a worm (12 damage)
             ... on level 4 of the Dungeon.
             The game lasted 00:15:44 (3496 turns).

Mandevil the Ruffian (Grey Draconian Transmuter)    Turns: 3496, Time: 00:15:45

Health: -11/58     AC: 11    Str: 18 (19) XL:     7   Next: 33%
Magic:  7/12       EV: 13    Int: 22 (23) God:
Gold:   161        SH:  0    Dex: 11 (13) Spells: 7/13 levels left

rFire    . . .     SeeInvis .     - Unarmed
rCold    . . .     Gourm    .   (no shield)
rNeg     . . .     Faith    .   (armour unavailable)
rPois    .         Spirit   .   (helmet restricted)
rElec    .         Reflect  .   (no cloak)
rCorr    .         Harm     .   (no gloves)
MR       .....                  (no boots)
Stlth    +.........             (no amulet)
HPRegen  0.19/turn              i - +2 ring of dexterity
MPRegen  0.13/turn              g - +2 ring of intelligence

@: mighty, brilliant, lethally poisoned (-11 -> -13)
A: walk through water, unfitting armour, claws 1, clever 1, unbreathing,
cold-blooded, AC +11
a: no special abilities


You were on level 4 of the Dungeon.
You were very hungry.

You visited 1 branch of the dungeon, and saw 4 of its levels.

You collected 161 gold pieces.

Inventory:

Missiles
 a - 17 arrows
 h - 20 bolts
 j - a throwing net
 s - 117 stones
 t - 8 tomahawks (quivered)
Jewellery
 g - a +2 ring of intelligence (right claw)
 i - a +2 ring of dexterity (left claw)
Wands
 q - a wand of digging (5)
 r - a wand of clouds (4)
Scrolls
 d - 2 scrolls of remove curse
 l - a scroll of identify
 p - 2 scrolls of enchant armour
Potions
 e - a potion of lignification
 u - a potion of brilliance
Books
 b - a book of Changes

   Spells                             Type                      Level
   a - Beastly Appendage              Transmutation                1
   b - Sticks to Snakes               Transmutation                2
   c - Spider Form                    Transmutation/Poison         3
   d - Ice Form                       Ice/Transmutation            4
   e - Blade Hands                    Transmutation                5
Comestibles
 c - 5 rations


   Skills:
 + Level 3.9 Fighting
 + Level 3.6 Dodging
 + Level 4.6 Unarmed Combat
 + Level 3.7 Spellcasting
 + Level 4.1 Transmutations


You had 7 spell levels left.
You knew the following spells:

 Your Spells              Type           Power        Failure   Level  Hunger
a - Beastly Appendage     Tmut           #####.       1%          1    None
b - Sticks to Snakes      Tmut           #####...     1%          2    #......
c - Spider Form           Tmut/Pois      ####......   1%          3    ###....


Dungeon Overview and Level Annotations

Branches:
Dungeon (4/15)
 Temple: D:4-7

Altars:
Ashenzari
Trog


Innate Abilities, Weirdness & Mutations

You can walk through water.
Your dull iron-grey scales are very hard. (AC +11)
You cannot fit into any form of body armour.
You can survive without breathing.
You are cold-blooded and may be slowed by cold attacks.
You have sharp fingernails.
Your mind is acute. (Int +2)


Message History

4 rats and a worm come into view.
You claw the rat!
You kill the rat!
The rat misses you.
The moth of wrath goads the worm on!
The worm goes berserk!
* * * LOW HITPOINT WARNING * * *
You feel sick.
The moth of wrath goads the rat on!
The rat goes berserk!
The moth of wrath goads the rat on!
The rat goes berserk!
The rat barely misses you.
The moth of wrath goads the rat on!
The rat goes berserk!
The rat misses you. The rat barely misses you.
You closely miss the rat. You claw the rat.
You kill the rat!
* * * LOW HITPOINT WARNING * * *
You feel sick. The rat bites you but does no damage. The rat barely misses you.
You scratch the rat.
You kill the rat!
The rat misses you. The rat barely misses you.
You closely miss the rat.
Your talons disappear.
The worm bites you!
You die...

#.##..##.......##
###.##.##.........##
....#..#...........#
....<.# ....###....#
.(..### ...##y##...#
.#### ....###....# #
#.....%...#
#.).._.%rw#
##.....%d##
###)))### ####


You could see a moth of wrath, a worm (berserk) and a rat (berserk).

Vanquished Creatures
  Grinder (D:4)
  A howler monkey (D:4)
  An orc priest (D:3)
  An orc wizard (D:3)
  Natasha (D:4)
  A worker ant (D:2)
  8 gnolls (D:3)
  3 adders
  2 oozes
  2 adder skeletons
  2 worms (D:3)
  2 dart slugs (D:2)
  2 leopard geckos
  9 orcs (D:3)
  2 giant cockroaches (D:3)
  7 goblins
  5 hobgoblins
  A ball python (D:2)
  8 bats
  5 frilled lizards
  4 kobolds
  9 rats
77 creatures vanquished.

Vanquished Creatures (collateral kills)
  2 ogres (D:4)
  Natasha (D:4)
  2 gnolls (D:3)
  An adder (D:4)
  A leopard gecko (D:4)
7 creatures vanquished.

Grand Total: 84 creatures vanquished

Notes
Turn   | Place    | Note
-------+----------+-------------------------------------------
     0 | D:1      | Mandevil the Draconian Transmuter began the quest for the Orb.
     0 | D:1      | Reached XP level 1. HP: 16/16 MP: 3/3
   105 | D:1      | Reached XP level 2. HP: 21/23 MP: 3/5
   897 | D:2      | Found a shattered altar of Ashenzari.
   981 | D:2      | Reached XP level 3. HP: 25/29 MP: 4/6
  1005 | D:2      | HP: 2/43 [worker ant (1)]
  1235 | D:2      | Learned a level 2 spell: Sticks to Snakes
  1239 | D:2      | Learned a level 3 spell: Spider Form
  1536 | D:3      | Reached XP level 4. HP: 36/36 MP: 1/7
  1903 | D:3      | Reached XP level 5. HP: 41/42 MP: 7/9
  2808 | D:3      | Reached XP level 6. HP: 40/51 MP: 10/10
  2980 | D:4      | Noticed Natasha
  2998 | D:4      | Killed Natasha
  3146 | D:4      | Noticed Natasha
  3157 | D:4      | Killed Natasha
  3453 | D:4      | Noticed Grinder
  3480 | D:4      | Killed Grinder
  3480 | D:4      | Your scales start taking on a dull iron-grey colour.
  3480 | D:4      | Reached XP level 7. HP: 17/58 MP: 5/12
  3480 | D:4      | Gained mutation: You can survive without breathing. [Grey Draconian growth]
  3484 | D:4      | Gained mutation: Your large and strong wings let you fly indefinitely. [potion of mutation]
  3484 | D:4      | Gained mutation: Your mind is acute. (Int +2) [potion of mutation]
  3484 | D:4      | Lost mutation: Your large and strong wings let you fly indefinitely. [potion of mutation]
  3484 | D:4      | Gained mutation: You have sharp fingernails. [potion of mutation]
  3490 | D:4      | Found a bloodstained altar of Trog.
  3490 | D:4      | HP: 2/58 [poisoned by you (poison gas)]
  3490 | D:4      | Noticed a moth of wrath
  3496 | D:4      | Mangled by a worm

Vault maps used:
D:1:      elethiomel_arrival_quiet
D:2:      evilmike_ruin_ashenzari, st_stairs_12, minmay_misc_feat_alley
D:3:      first_ration
D:4:      tgw_trog, uniq_natasha, uniq_grinder, uniq_ijyb, uniq_robin

Skill      XL: |  1  2  3  4  5  6 |
---------------+-------------------+-----
Dodging        | 2 3 |  3.6
Fighting       | 2 3 |  3.9
Transmutations | 3 4 |  4.1
Unarmed Combat | 4 |  4.6
Spellcasting   | 3 |  3.7

Action                   |  1- 3 |  4- 6 |  7- 9 || total
-------------------------+-------+-------+-------++-------
Melee: Unarmed           |    99 |   188 |     4 ||   291
       Kick              |     9 |    15 |     1 ||    25
       Tailslap          |    16 |    24 |       ||    40
       Punch             |     1 |     1 |       ||     2
       Headbutt          |       |     8 |       ||     8
Throw: Tomahawk          |     1 |     3 |       ||     4
       Stone             |    18 |    45 |       ||    63
 Cast: Beastly Appendage |    12 |    17 |       ||    29
       Sticks to Snakes  |     2 |    17 |       ||    19
       Spider Form       |       |     2 |       ||     2
Evoke: Wand              |       |     2 |       ||     2
  Use: Potion            |     2 |     5 |     2 ||     9
       Scroll            |       |     1 |     3 ||     4
 Stab: Sleeping          |       |     1 |       ||     1
  Eat: Chunk             |     2 |     7 |       ||     9
Armor: Skin              |    30 |    28 |     1 ||    59
Dodge: Dodged            |    59 |   108 |     8 ||   175

Table legend:
 A = Spawn XP
 B = Non-spawn XP
 C = Spawn XP percentage of total XP
 D = Spawn monster count
 E = Non-spawn monster count
 F = Spawn count percentage of total count
 G = Total turns spent on level
                    A         B        C        D         E        F      G
               +---------+---------+-------+---------+---------+-------+---------
         Total |       0 |     966 |   0.0 |       0 |      84 |   0.0 |  3496
               +---------+---------+-------+---------+---------+-------+---------
           D:1 |       0 |      22 |   0.0 |       0 |      11 |   0.0 |   649
           D:2 |       0 |      60 |   0.0 |       0 |      15 |   0.0 |   754
           D:3 |       0 |     303 |   0.0 |       0 |      44 |   0.0 |  1810
           D:4 |       0 |     581 |   0.0 |       0 |      14 |   0.0 |   283
               +---------+---------+-------+---------+---------+-------+---------
